 Dungeon Crawl Stone Soup version 0.22.1-2-g9c5b331383 (webtiles) character file.

153 McIrco the Shield-Bearer (level 5, -1/33 HPs)
             Began as a Gargoyle Fighter on Jan 5, 2019.
             Slain by an ogre
             ... wielding a +0 giant spiked club
              (17 damage)
             ... on level 3 of the Dungeon.
             The game lasted 00:04:35 (1399 turns).

McIrco the Shield-Bearer (Gargoyle Fighter)         Turns: 1399, Time: 00:04:35

Health: -1/33      AC: 10    Str: 20    XL:     5   Next: 35%
Magic:  5/5        EV:  7    Int:  8    God:
Gold:   128        SH:  9    Dex: 10    Spells: 4/4 levels left

rFire    . . .     SeeInvis .   a - +0 long sword
rCold    . . .     Gourm    .   c - +0 shield
rNeg     + . .     Faith    .   b - +0 scale mail
rPois    ∞         Spirit   .   (no helmet)
rElec    +         Reflect  .   (no cloak)
rCorr    .         Harm     .   (no gloves)
MR       .....                  (no boots)
Stlth    ..........             (no amulet)
HPRegen  0.11/turn              (no ring)
MPRegen  0.09/turn              (no ring)

@: drained
A: negative energy resistance 1, electricity resistance, unbreathing,
petrification resistance, rot immunity, AC +4
a: no special abilities


You were on level 3 of the Dungeon.
You were very hungry.

You visited 1 branch of the dungeon, and saw 3 of its levels.

You collected 128 gold pieces.

Inventory:

Hand Weapons
 a - a +0 long sword (weapon)
Armour
 b - a +0 scale mail (worn)
 c - a +0 shield (worn)
Scrolls
 e - a scroll of fear {unknown}
 h - 3 scrolls of identify {unknown}
 k - 2 scrolls of immolation {unknown}
 l - 2 scrolls of remove curse {unknown}
 n - a scroll of blinking {unknown}
 o - a scroll of teleportation {unknown}
Potions
 d - 2 potions of might
 g - a potion of brilliance {unknown}
 i - a potion of cancellation {unknown}
 j - a potion of agility {unknown}
 m - a potion of curing {unknown}
 p - a potion of heal wounds {unknown}
Comestibles
 f - 5 rations


   Skills:
 + Level 3.8(2.7) Fighting
 + Level 3.1(2.0) Long Blades
 * Level 4.0(2.9) Armour
 + Level 1.0(0.0) Dodging
 + Level 4.2(3.1) Shields


You had 4 spell levels left.
You didn't know any spells.
Your spell library was empty.

Dungeon Overview and Level Annotations

Branches:
Dungeon (3/15)

Altars:
Ru


Innate Abilities, Weirdness & Mutations

You are resistant to torment.
Your stone body is resilient. (AC +4)
You are immune to poison.
You resist negative energy. (rN+)
You are resistant to electric shocks. (rElec)
You can survive without breathing.
You are immune to petrification.
You are immune to rotting.


Message History

You are too injured to fight recklessly!
You are too injured to fight recklessly!
You are too injured to fight recklessly!
You are too injured to fight recklessly!
You are too injured to fight recklessly!
You are too injured to fight recklessly!
You are too injured to fight recklessly!
You are too injured to fight recklessly!
You are too injured to fight recklessly!
You are too injured to fight recklessly!
You are too injured to fight recklessly!
You are too injured to fight recklessly!
You are too injured to fight recklessly!
Unknown command.
The hobgoblin hits you but does no damage.
Your shield and scale mail prevent you from hitting the ogre.
The ogre is lightly wounded.
The ogre hits you with a giant spiked club!
Ouch! That really hurt!
You die...

?.#.............# #..
...#...........## #..
................## ### #
#...............# #..
#..###.#........#
.....###..#...........[..###
...........g...#............
..........#O#............###
......##..#@#...............
.....# #..#.#.######...#####
....# .......# ..## #..#
##....... #.. ..##.### #[
####.# #.# ..#


You could see an ogre and a hobgoblin.

Vanquished Creatures
  An orc wizard (D:2)
  5 adders
  A gnoll (D:1)
  2 oozes
  A worm (D:3)
  A dart slug (D:2)
  A leopard gecko (D:2)
  3 bats
  2 giant cockroaches (D:2)
  9 goblins
  7 hobgoblins
  3 jackals (D:1)
  3 ball pythons (D:1)
  2 frilled lizards (D:2)
  8 kobolds
  6 rats
55 creatures vanquished.

Notes
Turn   | Place    | Note
-------+----------+-------------------------------------------
     0 | D:1      | McIrco the Gargoyle Fighter began the quest for the Orb.
     0 | D:1      | Reached XP level 1. HP: 14/14 MP: 1/1
    32 | D:1      | Reached XP level 2. HP: 19/19 MP: 2/2
   136 | D:1      | Reached XP level 3. HP: 20/23 MP: 3/3
   684 | D:2      | Reached XP level 4. HP: 20/29 MP: 4/4
   874 | D:2      | Found a sacrificial altar of Ru.
   933 | D:2      | Reached XP level 5. HP: 31/33 MP: 5/5
  1140 | D:3      | Reached skill level 1 in Dodging
  1222 | D:3      | Found a faded altar of an unknown god.
  1386 | D:3      | Noticed an ogre
  1399 | D:3      | Slain by an ogre

Skill      XL: |  1  2  3  4  5 |
---------------+----------------+-----
Long Blades    | 2 3 |  3.1
Shields        | 4 |  4.2
Armour         | 4 |  4.0
Dodging        | 1 |  1.0
Fighting       | |  3.8

Action                   |  1- 3 |  4- 6 || total
-------------------------+-------+-------++-------
Melee: Long sword        |    78 |    99 ||   177
 Stab: Paralysed         |       |     1 ||     1
  Eat: Chunk             |       |     1 ||     1
Armor: Scale mail        |    61 |    51 ||   112
Dodge: Dodged            |    31 |    30 ||    61
Block: Shield            |    51 |    49 ||   100
       Rpst.: Long sword |    15 |    12 ||    27
